 Adventure DCSS version bcrawl-1.27.3 (webtiles) character file.

Game seed: 12510377495216146277

113431 galech the Skirmisher (level 3, 29/29 HPs)
             Began as a Demonspawn Fighter on July 31, 2020.
             Quit the game on level 1 of the Dungeon.
             The game lasted 00:00:47 (917 turns).

galech the Skirmisher (Demonspawn Fighter)           Turns: 917, Time: 00:00:48

Health: 29/29      AC:  6    Str: 16    XL:     3   Next: 1%
Magic:  3/3        EV:  5    Int:  9    God:
Gold:   63         SH:  9    Dex: 13    Spells: 2/2 levels left
                                        Lives:  2   Deaths: 0

rFire    . . .     SeeInvis .   a - +0 war axe
rCold    . . .     Gourm    .   c - +0 medium shield
rNeg     . . .     Faith    .   b - +0 scale mail
rPois    .         Spirit   .   (no helmet)
rElec    .         Reflect  .   (no cloak)
rCorr    .         Harm     .   (no gloves)
MR       .....                  (no boots)
Stlth    +.........             (no amulet)
HPRegen  0.09/turn              (no ring)
MPRegen  0.08/turn              (no ring)

@: no status effects
A: talons 1, nightstalker 1
a: no special abilities


You were on level 1 of the Dungeon.
You were hungry.

You visited 1 branch of the dungeon, and saw 1 of its levels.

You collected 63 gold pieces.

Inventory:

Hand Weapons
 a - a +0 war axe (weapon)
Armour
 b - a +0 scale mail (worn)
 c - a +0 medium shield (worn)
 g - a +0 pair of boots
Scrolls
 f - a scroll of teleportation {unknown}
 h - a scroll of immolation {unknown}
 i - a scroll of identify
 j - 2 scrolls of amnesia {unknown}
 m - a scroll of enchant armour {unknown}
 n - a scroll of enchant weapon {unknown}
Potions
 d - a potion of might
 k - 2 potions of magic {unknown}
 l - a potion of haste {unknown}
Comestibles
 e - 3 rations {!d}


   Skills:
 + Level 3.2 Fighting
 + Level 2.0 Axes
 + Level 3.0 Armour
 + Level 0.3 Dodging
 + Level 3.1 Shields


You had 2 spell levels left.
You didn't know any spells.
Your spell library was empty.

Dungeon Overview and Level Annotations

Branches:
Dungeon (1/12)

Altars:


Innate Abilities, Weirdness & Mutations

You have sharp toenails.
You are slightly more attuned to the shadows.


Message History

You are feeling hungry.
As you open the door, it creaks loudly!
There is an open door here.
There is an open door here.
You open the door.
A goblin comes into view.
It is wielding a +1 dagger of distortion.
The goblin shouts!
Found a stone staircase leading down.
You block the goblin's attack.
There is an open door here.
You hit the goblin but do no damage. You block the goblin's attack.
You slash the goblin!
You kill the goblin!
You have reached level 3!
Your experience leads to an increase in your attributes!
Increase (S)trength, (I)ntelligence, or (D)exterity?
You feel agile.
Your demonic ancestry asserts itself...
You slip into the darkness of the dungeon.
You see here a +1 dagger of distortion.
Are you sure you want to abandon this character and quit the game? (Confirm with "yes".)

###.#................# #.#####
##.....#####......#.## #.#####
÷....#.#####......#.#####
#.##≈≈≈
####..............#.....#
#.#####
#.#.####.#######.###'###.# #
#.### #.# ##.##.##...##.# #.#
##.###..##.#.....#.# #.#
##..##...##.#.⌠.⌠.#.# #.#
#...##.>@'..#.....#.#
#.#####.###...##.#######.#####
#........###..##.# #......
#######.## ##.##.# ####### #.#
####.# #####.# #.# ####.#
#...#.##### #.#
###>##.###.#.#...... #.#
#...##.)'..#<####### #.#
#.####.###.#.###


There were no monsters in sight!

Vanquished Creatures
  3 leopard geckos (D:1)
  6 bats (D:1)
  2 giant cockroaches (D:1)
  2 goblins (D:1)
  5 hobgoblins (D:1)
  2 kobolds (D:1)
  2 ball pythons (D:1)
  A frilled lizard (D:1)
  A rat (D:1)
24 creatures vanquished.

Notes
Turn   | Place    | Note
-------+----------+-------------------------------------------
     0 | D:1      | galech the Demonspawn Fighter began the quest for the Orb.
     0 | D:1      | Reached XP level 1. HP: 18/18 MP: 1/1
   163 | D:1      | Gained mutation: You have sharp toenails. [demonic
                  | ancestry]
   163 | D:1      | Reached XP level 2. HP: 17/24 MP: 2/2
   915 | D:1      | Gained mutation: You are slightly more attuned to the
                  | shadows. [demonic ancestry]
   915 | D:1      | Reached XP level 3. HP: 29/29 MP: 3/3
   917 | D:1      | Quit the game

Skill      XL: |  1  2 |
---------------+-------+-----
Shields        | 3 |  3.1
Armour         | 3 |  3.0
Axes           | 2 |  2.0
Fighting       | |  3.2
Dodging        | |  0.3

Action                   || total
-------------------------++-------
Melee: War axe           ||    88
       Kick              ||    14
  Eat: Chunk             ||     3
Armor: Scale mail        ||    83
Dodge: Dodged            ||    18
Block: Medium shield     ||    49
